 Dungeon Crawl Stone Soup version 0.26-a0-969-g2c58977ddd (webtiles) character file.

Game seed: 11227281982450857562

20 EiAlmux the Gusty (level 2, -2/15 HPs)
             Began as a Tengu Air Elementalist on Dec 4, 2020.
             Slain by Terence
             ... wielding a +0 flail
              (5 damage)
             ... on level 2 of the Dungeon.
             The game lasted 00:03:42 (988 turns).

EiAlmux the Gusty (Tengu Air Elementalist)           Turns: 988, Time: 00:03:42

Health: -2/15      AC:  2    Str:  8    XL:     2   Next: 79%
Magic:  0/6        EV: 12    Int: 15    God:
Gold:   62         SH:  0    Dex: 14    Spells: 2/5 levels left

rFire    . . .     SeeInvis .   (no weapon)
rCold    . . .     Faith    .   (no shield)
rNeg     . . .     Spirit   .   a - +0 robe
rPois    .         Reflect  .   (helmet restricted)
rElec    .         Harm     .   (no cloak)
rCorr    .         Rampage  .   (no gloves)
MR       .....                  (boots unavailable)
Stlth    ++........             (no amulet)
HPRegen  0.05/turn              (no ring)
MPRegen  0.10/turn              (no ring)

@: sluggish, very slow
A: beak, talons 3
a: no special abilities


You were on level 2 of the Dungeon.
You visited 1 branch of the dungeon, and saw 2 of its levels.

You collected 62 gold pieces.

Inventory:

Armour
 a - a +0 robe (worn)
Scrolls
 b - 2 scrolls of remove curse {unknown}
 d - a scroll of identify {unknown}
 e - 3 scrolls of teleportation {unknown}
Potions
 c - a potion of magic {unknown}
 f - a potion of cancellation {unknown}


   Skills:
 - Level 2.1 Dodging
 + Level 2.3 Stealth
 + Level 2.2 Spellcasting
 + Level 2.2 Conjurations
 * Level 4.3 Air Magic


You had 2 spell levels left.
You knew the following spells:

 Your Spells              Type           Power        Failure   Level
a - Shock                 Conj/Air       ##..         5%          1
e - Swiftness             Air            ##......     5%          2

Your spell library contained the following spells:

 Spells                   Type           Power        Failure   Level
 Static Discharge         Conj/Air       ##......     17%         3
 Airstrike                Air            ##........   34%         4
 Lightning Bolt           Conj/Air       ##........   83%         5


Dungeon Overview and Level Annotations

Branches:
Dungeon (2/15)

Altars:

Annotations:
D:2 Terence


Innate Abilities, Weirdness & Mutations

You have a beak for a mouth.
You have claws for feet.


Message History

Aim: Terence, wielding a +0 flail and wearing a +0 chain mail (moderately wounded, 23% to evade)
The zap hits Terence.
Terence is moderately wounded.
The hobgoblin hits you with a +0 club.
Aiming: Shock (safe; 5% risk of failure)
Press: ? - help, Q - select action, (/) - cycle Shift-Dir - straight line, f - hobgoblin, p - Terence
Aim: a hobgoblin, wielding a +0 club (32% to evade)
The zap misses the hobgoblin.
Terence misses you. The hobgoblin barely misses you. Terence barely misses you.
The hobgoblin hits you with a +0 club. Terence hits you with a +0 flail.
You hit the hobgoblin. Your peck misses the hobgoblin.
The hobgoblin is lightly wounded.
You feel sluggish. The hobgoblin hits you with a +0 club.
* * * LOW HITPOINT WARNING * * *
You hit the hobgoblin. Your peck misses the hobgoblin.
The hobgoblin is moderately wounded.
Terence hits you with a +0 flail.
You die...

#.######...#.....##
.................####
#######.............#
#...##.....##.#
#.#.......###.#
#......#.## #.#
#.##..##.# #.#
#<##..##g# #.#
#.##.[#.@# #.# #.##
.#@## #.# #... #.#
#.# #... #.# #.# #.†.
#.# #.#
#...###.#####.#
#.............#
##......#######
##.#..##


You could see Terence and a hobgoblin.

Vanquished Creatures
  A dart slug (D:2)
  A giant cockroach (D:1)
  4 goblins (D:1)
  A hobgoblin (D:1)
  3 kobolds (D:1)
  A ball python (D:2)
  3 bats (D:1)
  A frilled lizard (D:1)
  2 rats (D:1)
17 creatures vanquished.

Notes
Turn   | Place    | Note
-------+----------+-------------------------------------------
     0 | D:1      | EiAlmux the Tengu Air Elementalist began the quest for the
                  | Orb.
     0 | D:1      | Reached XP level 1. HP: 10/10 MP: 4/4
   289 | D:1      | Reached XP level 2. HP: 15/15 MP: 0/6
   760 | D:1      | Learned a level 2 spell: Swiftness
   969 | D:2      | Noticed Terence
   988 | D:2      | Slain by Terence

Illustrated notes

Levels and vault maps discovered:
D:1:      psy_arrival_whirlpool, layout_rooms
D:2:      layout_loops_ring, nicolae_overflow_quartered_altars,
          grunt_ministairs_14, uniq_terence

Skill      XL: |  1  2 |
---------------+-------+-----
Conjurations   | 2 |  2.2
Dodging        | |  2.1
Stealth        | |  2.3
Spellcasting   | |  2.2
Air Magic      | |  4.3

Action                   || total
-------------------------++-------
Melee: Unarmed           ||    11
       Kick              ||     1
       Peck              ||     1
 Cast: Shock             ||    35
       Swiftness         ||     2
Armor: Robe              ||     3
Dodge: Dodged            ||    14

Table legend: (Time is in decaauts)
 A = Elapsed time spent in this place.
 B = Non-inter-level travel time spent in this place.
 C = Inter-level travel time spent in this place.
 D = Time resting spent in this place.
 E = Time spent auto-exploring this place.
 F = Levels seen in this place.
 G = Mean time per level.
                   A        B        C        D        E       F      G
               +--------+--------+--------+--------+--------+-----+--------+
         Total |    988 |    947 |     41 |    100 |    744 |   2 |  494.0 |
       Dungeon |    988 |    947 |     41 |    100 |    744 |   2 |  494.0 |
               +--------+--------+--------+--------+--------+-----+--------+

Top non-repeatable levels by time:
     D:1: 890 daAuts
     D:2: 97 daAuts
